Map: Ulrena

Players

Hannybal - Winner!

  • Race: Zerg Zerg
  • League: Silver
  • Spawn Location: 11:00

zidar

  • Race: Zerg Zerg
  • League: Silver
  • Spawn Location: 7:00

VOD

Have the link to the VOD?

Description

Time

  • Played on: Jan. 24, 2016, 8:58 a.m.
  • Length: 12:28
Show
View Real Time Build Order
Export as new Build Order

Hannybal Zerg - Winner!

Build Orders: Pool First 

Get SALT Encoding   

  12  0:01  Drone  
  13  0:08  Drone  
  14  0:17  Overlord  
  14  0:36  Spawning Pool  
  14  0:37  Drone  
  14  0:41  Drone  
  15  0:45  Drone  
  16  0:50  Drone  
  16  0:57  Extractor  
  16  0:58  Extractor  
  16  1:00  Drone  
  16  1:19  Drone  
  17  1:26  Roach Warren, Queen  
  17  1:29  Drone  
  19  1:35  Drone  
  20  1:55  Overlord x2  
  20  2:07  Roach  
  22  2:24  Drone  
  22  2:26  Roach  
  25  2:32  Burrow  
  25  2:36  Roach  
  21  3:13  Roach x3  
  21  3:16  Roach  
  29  3:21  Drone  
  30  3:27  Overlord  
  30  3:45  Queen  
  32  3:54  Roach x2  
  32  3:55  Roach  
  38  3:59  Overlord  
  38  4:37  Roach x2  
  38  4:38  Roach  
  37  4:54  Roach  
  37  4:59  Roach  
  37  5:04  Roach  
  35  5:34  Drone x5  
  40  5:44  Drone  
  41  5:55  Drone  
  42  6:09  Drone x2  
  44  6:27  Roach x3  
  44  6:36  Lair  
  44  6:41  Hatchery  
  33  7:08  Roach x5  
  41  7:09  Roach  
  41  7:15  Overlord x2  
  45  7:36  Roach x3  
  45  7:41  Spire, Drone  
  39  8:06  Drone x2  
  39  8:11  Queen  
  43  8:15  Overlord x2  
  43  8:19  Drone  
  45  8:20  Drone x3  
  45  8:22  Drone  
  48  8:44  Drone x2  
  50  8:53  Mutalisk  
  50  8:54  Mutalisk x4  
  60  8:55  Mutalisk  
  60  9:22  Roach x3  
  48  9:58  Mutalisk x4  
  48  9:59  Mutalisk x4  
  64  10:14  Hatchery  
  63  10:42  Roach  
  63  10:51  Spire  
  51  11:51  Extractor  
  51  11:52  Extractor  
Show
View Real Time Build Order
Export as new Build Order

zidar Zerg 

Build Orders: Pool First 

Get SALT Encoding   

  12  0:19  Spawning Pool  
  11  0:22  Drone  
  11  0:27  Extractor  
  11  0:29  Drone  
  11  0:34  Drone  
  13  0:39  Drone  
  14  0:50  Overlord  
  14  1:08  Queen  
  14  1:10  Zergling x2  
  17  1:15  Zergling x2  
  18  1:26  Metabolic Boost  
  18  1:29  Zergling x2  
  19  1:34  Zergling x2  
  20  2:04  Zergling x4  
  22  2:26  Overlord  
  22  2:49  Hatchery  
  20  2:57  Zergling x2  
  20  2:58  Zergling x6  
  19  3:09  Roach Warren  
  18  3:19  Zergling x6  
  21  3:30  Drone  
  22  3:47  Overlord  
  22  3:48  Overlord  
  21  4:10  Roach x3  
  21  4:16  Drone  
  23  4:56  Roach  
  23  4:57  Roach x4  
  28  5:12  Roach x2  
  30  5:34  Roach x3  
  36  6:04  Drone  
  36  6:05  Drone x5  
  38  6:23  Roach  
  38  6:24  Roach  
  42  6:34  Lair  
  42  6:37  Spine Crawler  
  41  6:40  Roach  
  30  7:07  Roach  
  30  7:08  Roach x4  
  40  7:24  Roach  
  40  7:25  Roach  
  40  7:28  Overlord  
  44  7:33  Overseer  
  44  7:45  Overlord x2  
  42  8:02  Roach  
  42  8:03  Roach x2  
  48  8:07  Ravager x2  
  48  8:09  Ravager  
  48  8:12  Ravager  
  52  8:18  Extractor  
  51  8:49  Roach  
  51  8:50  Roach x3  
  37  9:53  Zergling x18  
  37  9:54  Zergling x8  
  48  10:01  Overseer  
  38  10:12  Spore Crawler  
  38  10:13  Spore Crawler  
  36  10:17  Spore Crawler  
  36  10:19  Spore Crawler  
  23  10:42  Drone x2  
  23  10:43  Drone  
  18  11:04  Drone  
  18  11:05  Drone x2  
  6  11:40  Hatchery  
Tags
 
Matchup
ZvZ
Race
Zerg
Spawn Locations
Close Positions
Add a new tag
Caveats
  • Supply blocks, unpowered buildings, or Contaminate may cause inaccurate times.
  • Supply counts are checked every 10 seconds.